3L
ROCKY MOUNTAIN NUGGETS @ WIZARDING EXPRESS
08/06/2023
 
TOP OF THE 1ST
Rocky Mountain Nuggets batting - Pitching for Wizarding Express : LHP Todd Hines
Pitching: LHP Todd Hines
Batting: RHB Mark Melton 0-0: Called Strike
0-1: Foul Ball, location: 2F
0-2: Ball
1-2: Ball
2-2: Ball
3-2: Ground out 6-3 (Groundball, 6)
Batting: LHB Juan Ríos 0-0: Called Strike
0-1: Ground out 6-3 (Groundball, 6)
Batting: RHB David Verhoeve 0-0: Foul Ball, location: 2F
0-1: Swinging Strike
0-2: Strikes out swinging
Top of the 1st over - 0 run(s), 0 hit(s), 0 error(s), 0 left on base; Rocky Mountain 0 - Wizarding 0
BOTTOM OF THE 1ST
Wizarding Express batting - Pitching for Rocky Mountain Nuggets : RHP Félix Jiménez
Pitching: RHP Félix Jiménez
Batting: RHB António Martínez 0-0: Foul Ball, location: 2F
0-1: Foul Ball, location: 2F
0-2: Foul Ball, location: 2F
0-2: Ball
1-2: Strikes out looking
Batting: LHB Rick Watson 0-0: Ball
1-0: Ball
2-0: Ball
3-0: Base on Balls
Batting: LHB Nathan Tanner 0-0: Ball
Pickoff Throw to First - Out!
1-0: Ball
2-0: Ball
3-0: Base on Balls
Batting: LHB Kyung-chor Pang 0-0: Ball
Wild Pitch!
Nathan Tanner to second
1-0: Ball
2-0: Ground out 4-3 (Groundball, 4M)
Bottom of the 1st over - 0 run(s), 0 hit(s), 0 error(s), 1 left on base; Rocky Mountain 0 - Wizarding 0
TOP OF THE 2ND
Rocky Mountain Nuggets batting - Pitching for Wizarding Express : LHP Todd Hines
Batting: LHB Javier Sánchez 0-0: Ball
1-0: Called Strike
1-1: Swinging Strike
1-2: Ball
2-2: Strikes out swinging
Batting: RHB Juan Ávila 0-0: Ball
1-0: Ball
2-0: Ball
3-0: Base on Balls
Batting: RHB Paul Smith 0-0: Ball
1-0: Ball
2-0: Swinging Strike
2-1: Ball
3-1: Base on Balls
Juan Ávila to second
Batting: RHB Iván Vega 0-0: Called Strike
0-1: Called Strike
0-2: Foul Ball, location: 2F
0-2: Ball
1-2: Ball
2-2: Foul Ball, location: 2F
2-2: Foul Ball, location: 2F
2-2: Strikes out swinging
Batting: RHB Michael Riley 0-0: Foul Ball, location: 2F
0-1: Ball
1-1: Foul Ball, location: 2F
1-2: Ball
2-2: Strikes out looking
Top of the 2nd over - 0 run(s), 0 hit(s), 0 error(s), 2 left on base; Rocky Mountain 0 - Wizarding 0
BOTTOM OF THE 2ND
Wizarding Express batting - Pitching for Rocky Mountain Nuggets : RHP Félix Jiménez
Batting: RHB Tenshin Ichikawa 0-0: Swinging Strike
0-1: Ground out 5-3 (Groundball, 56)
Batting: LHB Júlio Valentín 0-0: Called Strike
0-1: Foul Ball, location: 2F
0-2: Ball
1-2: Ball
2-2: Foul Ball, location: 2F
2-2: Strikes out looking
Batting: SHB Eiji Suzuki 0-0: Ball
1-0: Ground out 4-3 (Groundball, 4)
Bottom of the 2nd over - 0 run(s), 0 hit(s), 0 error(s), 0 left on base; Rocky Mountain 0 - Wizarding 0
TOP OF THE 3RD
Rocky Mountain Nuggets batting - Pitching for Wizarding Express : LHP Todd Hines
Batting: SHB Jorge Colomo 0-0: Called Strike
0-1: Foul Ball, location: 2F
0-2: Ball
1-2: Strikes out swinging
Batting: RHB Mark Melton 0-0: Called Strike
0-1: Ball
1-1: Foul Ball, location: 2F
1-2: Fly out, F9 (Flyball, 9LMF)
Batting: LHB Juan Ríos 0-0: Foul Ball, location: 2F
0-1: Ball
1-1: SINGLE (Groundball, 34D)
Batting: RHB David Verhoeve 0-0: Ball
Juan Ríos steals 2nd base
1-0: Foul Ball, location: 2F
1-1: SINGLE (Groundball, 56D)
Juan Ríos to third
Runner from 3rd tries for Home, SAFE, no throw or cutoff
Batting: LHB Javier Sánchez 0-0: Ball
1-0: Ball
2-0: Foul Ball, location: 2F
2-1: Called Strike
2-2: Ball
3-2: Strikes out swinging
Top of the 3rd over - 1 run(s), 2 hit(s), 0 error(s), 1 left on base; Rocky Mountain 1 - Wizarding 0
BOTTOM OF THE 3RD
Wizarding Express batting - Pitching for Rocky Mountain Nuggets : RHP Félix Jiménez
Batting: RHB Turner Coleman 0-0: Ball
1-0: Called Strike
1-1: SOLO HOME RUN (Flyball, 78XD), Distance : 371 ft
Batting: LHB Chris Thurman 0-0: Ball
1-0: Called Strike
1-1: Foul Ball, location: 2F
1-2: TRIPLE (Line Drive, 9LD)
Pinch Runner at 3rd Emílio Sáenz:
Batting: RHB António Martínez 0-0: Swinging Strike
0-1: Foul Ball, location: 2F
0-2: Ball
1-2: Foul Ball, location: 2F
1-2: Ball
2-2: Ball
3-2: Strikes out swinging
Batting: LHB Rick Watson 0-0: Ball
1-0: Swinging Strike
1-1: Ground out 4-3 (Groundball, 4)
Emílio Sáenz scores
Batting: LHB Nathan Tanner 0-0: Ball
1-0: Called Strike
1-1: Swinging Strike
1-2: Foul Ball, location: 2F
1-2: Ball
2-2: Fly out, F9 (Flyball, 9S)
Bottom of the 3rd over - 2 run(s), 2 hit(s), 0 error(s), 0 left on base; Rocky Mountain 1 - Wizarding 2
TOP OF THE 4TH
Rocky Mountain Nuggets batting - Pitching for Wizarding Express : LHP Todd Hines
Now in CF: Emílio Sáenz
Batting: RHB Juan Ávila 0-0: Ball
1-0: Swinging Strike
1-1: Swinging Strike
1-2: Ball
2-2: Ball
3-2: Base on Balls
Batting: RHB Paul Smith 0-0: Called Strike
0-1: Foul Ball, location: 2F
0-2: Ball
1-2: Reached on error, E5 (Groundball, 5)
Juan Ávila to second
Batting: RHB Iván Vega 0-0: Ball
1-0: Ball
2-0: Ball
3-0: Base on Balls
Juan Ávila to third
Paul Smith to second
Batting: RHB Michael Riley 0-0: Swinging Strike
0-1: Ball
1-1: Swinging Strike
1-2: Strikes out swinging
Batting: SHB Jorge Colomo 0-0: Ball
1-0: Swinging Strike
1-1: Ball
2-1: Called Strike
2-2: Ball
3-2: Foul Ball, location: 2F
3-2: Strikes out swinging
Batting: RHB Mark Melton 0-0: Ball
1-0: Ball
2-0: Called Strike
2-1: Ball
3-1: Base on Balls
Juan Ávila scores
Paul Smith to third
Iván Vega to second
Batting: LHB Juan Ríos 0-0: Ball
1-0: Ball
2-0: Ball
3-0: Base on Balls
Paul Smith scores
Iván Vega to third
Mark Melton to second
Pitching: RHP Victor Burgess
Batting: RHB David Verhoeve 0-0: Ball
1-0: Ball
2-0: Foul Ball, location: 2F
2-1: Foul Ball, location: 2F
2-2: Ball
3-2: Fly out, F3 (Popup, 3S)
Top of the 4th over - 2 run(s), 0 hit(s), 1 error(s), 3 left on base; Rocky Mountain 3 - Wizarding 2
BOTTOM OF THE 4TH
Wizarding Express batting - Pitching for Rocky Mountain Nuggets : RHP Félix Jiménez
Batting: LHB Kyung-chor Pang 0-0: Ball
1-0: Ground out U3 (Groundball, 3L)
Batting: RHB Tenshin Ichikawa 0-0: Ball
1-0: Foul Ball, location: 2F
1-1: Ball
2-1: Ball
3-1: Fly out, F7 (Flyball, 7LD)
Batting: LHB Júlio Valentín 0-0: Called Strike
0-1: Fly out, F7 (Line Drive, 7S)
Bottom of the 4th over - 0 run(s), 0 hit(s), 0 error(s), 0 left on base; Rocky Mountain 3 - Wizarding 2
TOP OF THE 5TH
Rocky Mountain Nuggets batting - Pitching for Wizarding Express : RHP Victor Burgess
Batting: LHB Javier Sánchez 0-0: Ball
1-0: Foul Ball, location: 2F
1-1: Foul Ball, location: 2F
1-2: Strikes out swinging
Batting: RHB Juan Ávila 0-0: Swinging Strike
0-1: Foul Ball, location: 2F
0-2: Ball
1-2: Ball
2-2: Ball
3-2: Base on Balls
Batting: RHB Paul Smith 0-0: Ball
1-0: Ball
2-0: Ball
3-0: Base on Balls
Juan Ávila to second
Batting: RHB Iván Vega 0-0: Called Strike
0-1: Fly out, F3 (Popup, 3F)
Batting: RHB Michael Riley 0-0: Ball
1-0: SINGLE (Groundball, 34S)
Juan Ávila to third
Paul Smith to second
Runner from 3rd tries for Home, SAFE, no throw or cutoff
Batting: SHB Jorge Colomo 0-0: Ball
Single, Error in OF, E9, batter to second base
Paul Smith scores
Michael Riley to third
Batting: RHB Mark Melton 0-0: Foul Ball, location: 2F
0-1: Called Strike
0-2: Ball
1-2: Strikes out swinging
Top of the 5th over - 2 run(s), 2 hit(s), 1 error(s), 2 left on base; Rocky Mountain 5 - Wizarding 2
BOTTOM OF THE 5TH
Wizarding Express batting - Pitching for Rocky Mountain Nuggets : RHP Félix Jiménez
Batting: SHB Eiji Suzuki 0-0: Ball
1-0: Called Strike
1-1: Fly out, F7 (Flyball, 7D)
Batting: RHB Turner Coleman 0-0: Ball
1-0: Swinging Strike
1-1: Ball
2-1: Ball
3-1: Swinging Strike
3-2: Strikes out swinging
Batting: LHB Emílio Sáenz 0-0: Called Strike
0-1: Ball
1-1: Ball
2-1: Swinging Strike
2-2: Foul Ball, location: 2F
2-2: Ball
3-2: Base on Balls
Batting: RHB António Martínez 0-0: Ball
1-0: Called Strike
1-1: Ball
2-1: Ball
3-1: Base on Balls
Emílio Sáenz to second
Batting: LHB Rick Watson 0-0: Called Strike
0-1: Foul Ball, location: 2F
0-2: Foul Ball, location: 2F
0-2: Fly out, F7 (Flyball, 7M)
Bottom of the 5th over - 0 run(s), 0 hit(s), 0 error(s), 2 left on base; Rocky Mountain 5 - Wizarding 2
TOP OF THE 6TH
Rocky Mountain Nuggets batting - Pitching for Wizarding Express : RHP Victor Burgess
Pitching: LHP Ming-jiang Wu
Batting: LHB Juan Ríos 0-0: Ball
1-0: Fly out, F5 (Popup, 5F)
Batting: RHB David Verhoeve 0-0: Reached on Error, E9 (Flyball, 89M)
Batting: LHB Javier Sánchez 0-0: Ball
David Verhoeve steals 2nd base
1-0: Ball
2-0: Swinging Strike
2-1: Foul Ball, location: 2F
2-2: Ball
3-2: SINGLE (Groundball, 4MD)
David Verhoeve to third
Runner from 3rd tries for Home, SAFE, throw made home
Batting: RHB Juan Ávila 0-0: Swinging Strike
0-1: Foul Ball, location: 2F
0-2: Foul Ball, location: 2F
0-2: Ball
1-2: Foul Ball, location: 2F
1-2: Ball
2-2: Foul Ball, location: 2F
2-2: Foul Ball, location: 2F
2-2: Fly out, F9 (Popup, 34D)
Batting: RHB Paul Smith 0-0: Ball
1-0: Ball
2-0: Swinging Strike
2-1: Fly out, F8 (Flyball, 8LXD)
Top of the 6th over - 1 run(s), 1 hit(s), 1 error(s), 1 left on base; Rocky Mountain 6 - Wizarding 2
BOTTOM OF THE 6TH
Wizarding Express batting - Pitching for Rocky Mountain Nuggets : RHP Félix Jiménez
Batting: LHB Nathan Tanner 0-0: Ball
1-0: Ball
2-0: Called Strike
2-1: Called Strike
2-2: Ground out 5-3 (Groundball, 5)
Batting: LHB Kyung-chor Pang 0-0: Ball
1-0: Fly out, F4 (Line Drive, 4)
Batting: RHB Tenshin Ichikawa 0-0: Ground out 4-3 (Groundball, 34)
Bottom of the 6th over - 0 run(s), 0 hit(s), 0 error(s), 0 left on base; Rocky Mountain 6 - Wizarding 2
TOP OF THE 7TH
Rocky Mountain Nuggets batting - Pitching for Wizarding Express : LHP Ming-jiang Wu
Batting: RHB Iván Vega 0-0: Called Strike
0-1: Ball
1-1: Called Strike
1-2: Strikes out swinging
Batting: RHB Michael Riley 0-0: DOUBLE (Line Drive, 89M)
Batting: SHB Jorge Colomo 0-0: Ball
1-0: Fly out, F7 (Flyball, 78D)
Batting: RHB Mark Melton 0-0: Foul Ball, location: 2F
0-1: Ball
1-1: Ball
2-1: Called Strike
2-2: Ball
3-2: Foul Ball, location: 2F
3-2: Fly out, F7 (Line Drive, 7S)
Top of the 7th over - 0 run(s), 1 hit(s), 0 error(s), 1 left on base; Rocky Mountain 6 - Wizarding 2
BOTTOM OF THE 7TH
Wizarding Express batting - Pitching for Rocky Mountain Nuggets : RHP Félix Jiménez
Batting: LHB Júlio Valentín 0-0: SINGLE (Line Drive, 4MD)
Batting: SHB Eiji Suzuki 0-0: Ball
1-0: SINGLE (Groundball, 4MD)
Júlio Valentín to second
Runner from 2nd tries for 3rd, SAFE, throw made to third
Batting: RHB Turner Coleman 0-0: Ball
1-0: SINGLE (Line Drive, 7S)
Júlio Valentín scores
Eiji Suzuki to second
Batting: LHB Emílio Sáenz 0-0: Called Strike
0-1: Foul Ball, location: 2F
0-2: Ball
1-2: Foul Ball, location: 2F
1-2: Grounds into double play, U4-3 (Groundball, 4)
Eiji Suzuki to third
Batting: RHB António Martínez 0-0: Foul Ball, location: 2F
0-1: Called Strike
0-2: Foul Ball, location: 2F
0-2: Ball
1-2: Ball
2-2: Strikes out swinging
Bottom of the 7th over - 1 run(s), 3 hit(s), 0 error(s), 1 left on base; Rocky Mountain 6 - Wizarding 3
TOP OF THE 8TH
Rocky Mountain Nuggets batting - Pitching for Wizarding Express : LHP Ming-jiang Wu
Batting: LHB Juan Ríos 0-0: SINGLE (Line Drive, 13S)
Batting: RHB David Verhoeve 0-0: Foul Ball, location: 2F
0-1: Ball
1-1: Foul Ball, location: 2F
1-2: Ball
2-2: Strikes out swinging
Batting: LHB Javier Sánchez 0-0: Ball
1-0: Called Strike
Juan Ríos steals 2nd base
1-1: Foul Ball, location: 2F
1-2: Foul Ball, location: 2F
1-2: Strikes out looking
Batting: RHB Juan Ávila 0-0: Ball
1-0: Swinging Strike
1-1: Foul Ball, location: 2F
1-2: Foul Ball, location: 2F
1-2: Ball
2-2: Ball
3-2: SINGLE (Groundball, 5D)
Juan Ríos to third
Juan Ríos scores
Pitching: RHP Joe Benítez
Batting: RHB Paul Smith 0-0: Called Strike
0-1: Ball
1-1: Foul Ball, location: 2F
1-2: Ball
2-2: Foul Ball, location: 2F
2-2: Foul Ball, location: 2F
2-2: Fielders Choice at 2nd, 6-4 (Groundball, 6)
Top of the 8th over - 1 run(s), 2 hit(s), 0 error(s), 0 left on base; Rocky Mountain 7 - Wizarding 3
BOTTOM OF THE 8TH
Wizarding Express batting - Pitching for Rocky Mountain Nuggets : RHP Félix Jiménez
Batting: LHB Rick Watson 0-0: Ball
1-0: Ground out 4-3 (Groundball, 4M)
Batting: LHB Nathan Tanner 0-0: Called Strike
0-1: Ball
1-1: Ball
2-1: Ball
3-1: Base on Balls
Pitching: RHP Jorge Garza
Batting: LHB Kyung-chor Pang 0-0: Ball
1-0: Ball
2-0: Called Strike
2-1: Ball
3-1: Base on Balls
Nathan Tanner to second
Batting: RHB Tenshin Ichikawa 0-0: Foul Ball, location: 2F
0-1: Ball
1-1: Ball
2-1: SINGLE (Groundball, 34D)
Nathan Tanner to third
Kyung-chor Pang to second
Runner from 3rd tries for Home, SAFE, no throw or cutoff
Batting: LHB Júlio Valentín 0-0: Called Strike
0-1: SINGLE (Line Drive, 6M)
Kyung-chor Pang to third
Tenshin Ichikawa to second
Batting: SHB Eiji Suzuki 0-0: Ball
1-0: Foul Ball, location: 2F
1-1: Called Strike
1-2: Ball
2-2: Fly out, F7 (Flyball, 7D)
Runner from 3rd tags up, SCORES, no throw
Batting: RHB Turner Coleman 0-0: Foul Ball, location: 2F
0-1: Ball
1-1: Ball
2-1: Fly out, F9 (Flyball, 9LSF)
Bottom of the 8th over - 2 run(s), 2 hit(s), 0 error(s), 2 left on base; Rocky Mountain 7 - Wizarding 5
TOP OF THE 9TH
Rocky Mountain Nuggets batting - Pitching for Wizarding Express : RHP Joe Benítez
Batting: RHB Iván Vega 0-0: Ball
1-0: Ground out 5-3 (Groundball, 56)
Batting: RHB Michael Riley 0-0: Swinging Strike
0-1: Ground out 1-3 (Groundball, 13)
Batting: SHB Jorge Colomo 0-0: Ball
1-0: Foul Ball, location: 2F
1-1: SINGLE (Groundball, 34D)
Batting: RHB Mark Melton 0-0: Called Strike
0-1: Ball
1-1: Ball
2-1: Foul Ball, location: 2F
2-2: Ground out 5-3 (Groundball, 56)
Top of the 9th over - 0 run(s), 1 hit(s), 0 error(s), 1 left on base; Rocky Mountain 7 - Wizarding 5
BOTTOM OF THE 9TH
Wizarding Express batting - Pitching for Rocky Mountain Nuggets : RHP Jorge Garza
Pitching: RHP Kenny Powers
Batting: LHB Emílio Sáenz 0-0: Swinging Strike
0-1: Swinging Strike
0-2: Ball
1-2: Ball
2-2: Ball
3-2: Base on Balls
Batting: RHB António Martínez 0-0: Fly out, F5 (Popup, 5F)
Batting: LHB Rick Watson 0-0: Foul Ball, location: 2F
0-1: Ball
1-1: Foul Ball, location: 2F
1-2: Ball
2-2: Fly out, F7 (Line Drive, 78S)
Batting: LHB Nathan Tanner 0-0: Foul Ball, location: 2F
0-1: Called Strike
0-2: Ball
1-2: Strikes out swinging
Bottom of the 9th over - 0 run(s), 0 hit(s), 0 error(s), 1 left on base; Rocky Mountain 7 - Wizarding 5
This league is powered by Out of the Park Baseball, the baseball management simulation game for PC, Mac and Linux
Friday, July 8th, 2016 - OOTP Baseball 16.9 Build 39